Map: Blackburn LE

Players

Astrea - Winner!

  • Race: Protoss Protoss
  • League: Grandmaster

ShoWTimE

  • Race: Protoss Protoss
  • League: Grandmaster

Event: DreamHack SC2 Masters Last Chance 2022

VOD

Have the link to the VOD?

Description

Time

  • Played on: Dec. 17, 2021, 12:08 p.m.
  • Length: 5:32

All games in this series

Show
View Real Time Build Order
Export as new Build Order

Astrea Protoss - Winner!

Build Orders:  

Get SALT Encoding   

  12  0:00  Probe  
  13  0:12  Probe  
  14  0:24  Probe  
  14  0:27  Pylon  
  15  0:45  Gateway  
  15  0:46  Gateway  
  16  0:50  Probe  
  16  0:55  Assimilator  
  16  1:02  Probe  
  17  1:07  Pylon  
  17  1:14  Probe  
  18  1:26  Probe  
  18  1:31  Zealot x2 (Chrono Boost)  
  19  1:38  Probe  
  24  1:41  Cybernetics Core  
  24  1:50  Zealot  
  24  1:52  Zealot  
  28  2:00  Pylon  
  28  2:03  Probe  
  29  2:19  Stalker (Chrono Boost)  
  33  2:29  Stalker (Chrono Boost)  
  33  2:42  Probe  
  32  2:44  Warp Gate (Chrono Boost)  
  30  2:55  Stalker  
  32  3:00  Nexus  
  29  3:13  Probe  
  29  3:14  Pylon  
  30  3:24  Stalker  
  32  3:34  Probe  
  32  3:36  Stalker  
  35  3:53  Probe  
  36  4:01  Gateway  
  36  4:05  Probe  
  37  4:15  Probe  
  38  4:17  Probe  
  38  4:20  Shield Battery  
  38  4:24  Assimilator  
  39  4:27  Stalker, Probe  
  39  4:28  Stalker  
  39  4:29  Probe  
  45  4:39  Probe, Shield Battery  
  45  4:41  Probe  
  45  4:51  Probe  
  45  4:52  Stalker x2  
  48  4:53  Probe  
  48  4:56  Gateway  
  48  4:58  Stalker  
  51  5:02  Assimilator  
  51  5:03  Probe  
  51  5:05  Probe  
  53  5:15  Probe  
  53  5:18  Stalker x2  
Show
View Real Time Build Order
Export as new Build Order

ShoWTimE Protoss 

Build Orders: Double Forge 

Get SALT Encoding   

  12  0:00  Probe  
  13  0:12  Probe  
  14  0:17  Pylon  
  14  0:24  Probe (Chrono Boost)  
  15  0:36  Probe (Chrono Boost)  
  15  0:37  Gateway  
  16  0:45  Probe (Chrono Boost)  
  16  0:46  Assimilator  
  17  0:50  Probe  
  18  1:03  Assimilator, Probe (Chrono Boost)  
  19  1:06  Pylon  
  19  1:14  Probe (Chrono Boost)  
  20  1:20  Probe (Chrono Boost)  
  21  1:25  Cybernetics Core  
  22  1:33  Zealot  
  23  1:42  Forge  
  23  1:46  Probe  
  24  2:03  Adept (Chrono Boost)  
  26  2:09  Shield Battery  
  26  2:14  Photon Cannon  
  26  2:22  Forge  
  26  2:28  Adept (Chrono Boost)  
  26  2:38  Gateway  
  26  2:51  Shield Battery  
  26  2:53  Stalker  
  28  3:00  Pylon  
  28  3:05  Pylon  
  28  3:10  Probe  
  29  3:19  Photon Cannon  
  27  3:23  Stalker  
  29  3:33  Stalker  
  31  3:41  Stargate  
  31  3:47  Probe  
  32  3:54  Photon Cannon  
  32  4:07  Cybernetics Core  
  32  4:09  Probe  
  33  4:22  Oracle (Chrono Boost)  
  35  4:48  Probe  
  35  4:50  Oracle (Chrono Boost)  
  37  5:01  Nexus  
  37  5:06  Probe  

Tags
 
Add a new tag
Caveats
  • Supply blocks, unpowered buildings, or Contaminate may cause inaccurate times.
  • Supply counts are checked every 10 seconds.